[Event "Titled Tuesday Blitz December 20 Early 2022"]
[White "Bilandani, Vansh"]
[Black "vovachesss"]
[WhiteFideId "8511292"]
[WhiteElo "2488"]
[BlackElo "2756"]
[Result "0-1"]
[Round "04"]
[TimeControl "180+2"]
[Date "2022.12.20"]
[WhiteClock "0:00:02"]
[BlackClock "0:00:11"]

1. d4 d6 2. Nf3 Nf6 3. g3 g6 4. Bg2 Bg7 5. O-O O-O 6. c4 Bf5 7. Nc3 Ne4 8. Qb3 Nxc3 9. Qxc3 Be4 10. Qe3 d5 11. c5 Nc6 12. Rd1 b6 13. Ne5 Nxe5 14. dxe5 Bxg2 15. Kxg2 Qd7 16. f4 Qb5 17. b3 e6 18. cxb6 cxb6 19. Ba3 Rfc8 20. Rac1 Qa6 21. b4 Bf8 22. Qd3 Qa4 23. e3 a5 24. Rb1 axb4 25. Bb2 Qxa2 26. Rd2 Qc4 27. Qxc4 dxc4 28. h4 c3 0-1


[Site "https://www.chess.com"]

[Event "Titled Tuesday Blitz December 20 Early 2022"]
[White "BlueWizzard"]
[Black "exoticprincess"]
[WhiteElo "2862"]
[BlackElo "3057"]
[Result "0-1"]
[Round "04"]
[TimeControl "180+2"]
[Date "2022.12.20"]
[WhiteClock "0:00:02"]
[BlackClock "0:00:12"]

1. Nf3 d5 2. d4 Nf6 3. c4 dxc4 4. Na3 e6 5. Nxc4 c5 6. e3 Nc6 7. Nce5 Nxe5 8. Nxe5 Bd6 9. Bb5+ Ke7 10. O-O Qc7 11. Bd2 Rd8 12. Nf3 b6 13. Bd3 Bb7 14. Rc1 Rac8 15. h3 Qb8 16. Qe2 Qa8 17. dxc5 Bxc5 18. Ba6 Ne4 19. Bc3 f6 20. Nd4 Bxa6 21. Qxa6 g6 22. Nb5 Rd7 23. Rfd1 Rcd8 24. Re1 Nxc3 25. bxc3 e5 26. Qa4 Qc6 27. Rb1 a6 28. Qh4 axb5 29. Qxh7+ Kd6 30. Qxg6 Kc7 31. Rbc1 Qe6 32. c4 Rg8 33. Qe4 f5 34. Qf3 bxc4 35. Rc2 Rdg7 36. g3 e4 37. Qe2 b5 38. Rb1 f4 39. Rxb5 fxg3 40. Rxc5+ Kd6 41. Qd2+ Kxc5 42. Qd4+ Kb5 43. Rb2+ Ka6 44. f4 Rb7 45. f5 Qc6 0-1


[Site "https://www.chess.com"]

[Event "Titled Tuesday Blitz December 20 Early 2022"]
[White "Borges Matos, Juan"]
[Black "Tarno, Brian"]
[WhiteFideId "3500160"]
[BlackFideId "10833820"]
[WhiteElo "2409"]
[BlackElo "2169"]
[Result "0-1"]
[Round "04"]
[TimeControl "180+2"]
[Date "2022.12.20"]
[WhiteClock "0:00:01"]
[BlackClock "0:00:03"]

1. d4 d5 2. c4 e6 3. Nf3 Nf6 4. g3 Be7 5. Bg2 O-O 6. O-O dxc4 7. Qc2 a6 8. a4 Nc6 9. Qxc4 Qd5 10. Nbd2 Qxc4 11. Nxc4 Nb4 12. Bf4 Nfd5 13. Rfc1 Nxf4 14. gxf4 Rd8 15. e3 Rb8 16. Nfe5 f6 17. Nf3 b6 18. Ncd2 c5 19. dxc5 bxc5 20. Nc4 Nd3 21. Rc2 Bb7 22. Ne1 Nb4 23. Rcc1 Bd5 24. Na5 g5 25. fxg5 fxg5 26. e4 Ba8 27. Rd1 Kf7 28. Kf1 h5 29. h3 g4 30. hxg4 hxg4 31. Ke2 Bf6 32. Nc4 Rxd1 33. Rxd1 Rd8 34. Rxd8 Bxd8 35. e5 Bxg2 36. Nxg2 Nc6 37. Nf4 Bg5 38. Nd3 Bh6 39. Nxc5 Bg7 40. Nxa6 Nxe5 41. Nxe5+ Bxe5 42. b4 Ke7 43. Kd3 Kd7 44. Ke4 Bh2 45. Nc5+ Kd6 46. a5 e5 47. a6 Kc6 48. a7 g3 49. fxg3 Bxg3 50. a8=Q+ Kb5 51. Qb7+ Kc4 52. Qd5+ Kxb4 53. Nd3+ Kc3 54. Qc5+ Kd2 55. Nb4 Be1 56. Qe3+ Kd1 57. Qd3+ Bd2 0-1


[Site "https://www.chess.com"]

[Event "Titled Tuesday Blitz December 20 Early 2022"]
[White "Butterfly"]
[Black "pheonixking2000"]
[WhiteElo "2536"]
[BlackElo "2806"]
[Result "1/2-1/2"]
[Round "04"]
[TimeControl "180+2"]
[Date "2022.12.20"]
[WhiteClock "0:00:34"]
[BlackClock "0:00:04"]

1. e4 e5 2. Nf3 Nc6 3. g3 Nf6 4. d3 Bc5 5. Bg2 O-O 6. O-O d6 7. h3 a5 8. c3 Ba7 9. Qe2 Re8 10. Be3 d5 11. Bxa7 Rxa7 12. Nbd2 d4 13. c4 a4 14. Nh2 a3 15. b3 Nb4 16. Kh1 Nd7 17. Ndf3 Nc5 18. Ne1 f5 19. Qd2 Nbxd3 20. Nxd3 Nxe4 21. Bxe4 fxe4 22. Nc5 e3 23. fxe3 b6 24. Nd3 Qg5 25. Qf2 Bb7+ 26. Kg1 Raa8 27. exd4 e4 28. Ne5 Rf8 29. h4 Qh6 30. Qe2 Qd6 31. Qe3 c5 32. Rad1 Rxf1+ 33. Nxf1 Rd8 34. Qf4 Rf8 35. Qe3 Rd8 36. Qf4 Rf8 37. Qd2 Rd8 38. Qf4 1/2-1/2


[Site "https://www.chess.com"]

[Event "Titled Tuesday Blitz December 20 Early 2022"]
[White "Calzadilla De la Cruz, Maray"]
[Black "Alexander_Donchenko"]
[WhiteFideId "3509770"]
[WhiteElo "1994"]
[BlackElo "2812"]
[Result "1/2-1/2"]
[Round "04"]
[TimeControl "180+2"]
[Date "2022.12.20"]
[WhiteClock "0:01:20"]
[BlackClock "0:01:30"]

1. e4 c6 2. Nf3 d5 3. d3 g6 4. g3 Bg7 5. Nbd2 Nf6 6. Bg2 O-O 7. O-O a5 8. Qe2 a4 9. c3 a3 10. bxa3 Na6 11. d4 dxe4 12. Nxe4 Nxe4 13. Qxe4 Bf5 14. Qe2 Nc7 15. Bb2 Nb5 16. c4 Nxa3 17. Rfc1 Qa5 18. Rc3 Qb4 19. Ne5 Rfd8 20. Rb3 Qd6 21. c5 Qe6 22. Rxa3 Rxa3 23. Bxa3 Rxd4 24. Bb2 Qxe5 25. Qxe5 Bxe5 26. Bxd4 Bxd4 27. Rc1 Kf8 28. Rc4 e5 29. a4 Bd3 30. Rb4 Ba6 31. Rb6 Bxc5 32. Rxa6 bxa6 33. Bxc6 a5 34. Kg2 Ke7 35. f4 Kd6 36. Be8 f6 37. fxe5+ fxe5 38. Kf3 Kd5 39. h4 e4+ 40. Ke2 Ke5 41. Bd7 Bb6 42. g4 Kf4 43. h5 g5 44. Bf5 h6 45. Bd7 Bd4 46. Bf5 Ke5 47. Bd7 Kd6 48. Bb5 Ke6 49. Ba6 Kd5 50. Bb5 Kc5 51. Bd7 Kb4 52. Bb5 Kc5 53. Bd7 Kc4 54. Bb5+ Kc3 55. Bd7 Kc2 56. Bc6 Kb3 57. Bb5 Kb4 58. Bc6 Kc4 59. Bxe4 Kc5 1/2-1/2


[Site "https://www.chess.com"]

[Event "Titled Tuesday Blitz December 20 Early 2022"]
[White "Cepo, Toni"]
[Black "Lasinika, M M D"]
[WhiteFideId "4675916"]
[BlackFideId "9974555"]
[WhiteElo "2145"]
[BlackElo "1072"]
[Result "0-1"]
[Round "04"]
[TimeControl "180+2"]
[Date "2022.12.20"]
[WhiteClock "0:00:43"]
[BlackClock "0:00:53"]

1. e4 c6 2. d4 d5 3. exd5 cxd5 4. c3 Nc6 5. Nf3 Nf6 6. Bg5 e6 7. Bb5 Be7 8. O-O O-O 9. Nbd2 h6 10. Bf4 Bd6 11. Bxd6 Qxd6 12. Bxc6 bxc6 13. Ne5 c5 14. Nb3 c4 15. Nc5 Nd7 16. Ncxd7 Bxd7 17. b4 f6 18. Nf3 e5 19. dxe5 fxe5 20. Re1 Bg4 21. Re3 Rae8 22. h3 Bh5 23. g4 Bg6 24. Qe2 Bd3 25. Qd1 e4 26. Nd4 Rf4 27. Nf5 Qf6 28. Qd2 Kh7 29. Rg3 Rf3 30. Rxf3 exf3 31. Re1 Re2 32. Rxe2 fxe2 33. Ng3 Qe5 34. Qe1 g6 35. a4 h5 36. gxh5 gxh5 37. h4 Qe7 38. f3 Qe3+ 39. Kh2 Qf4 40. Qf2 d4 41. cxd4 c3 0-1


[Site "https://www.chess.com"]

[Event "Titled Tuesday Blitz December 20 Early 2022"]
[White "Chernov_Mikhail"]
[Black "Jannat Makan, Ali Reza"]
[BlackFideId "22583556"]
[WhiteElo "2398"]
[BlackElo "1621"]
[Result "1-0"]
[Round "04"]
[TimeControl "180+2"]
[Date "2022.12.20"]
[WhiteClock "0:01:51"]
[BlackClock "0:00:01"]

1. e4 c6 2. d4 d5 3. e5 Bf5 4. h4 h5 5. c4 e6 6. Nc3 Nd7 7. Bg5 Qb6 8. Qd2 dxc4 9. Bxc4 Bb4 10. Nge2 f6 11. exf6 Ngxf6 12. Ng3 Ne4 13. Ngxe4 Bxe4 14. O-O c5 15. dxc5 Nxc5 16. Rfe1 O-O 17. a3 Bxc3 18. Qxc3 Nd3 19. Rxe4 Qxf2+ 20. Kh2 Nf4 21. Rxf4 Rxf4 22. Bxe6+ Kh8 23. Bxf4 Qxf4+ 24. Qg3 Qf6 25. Bd5 Re8 26. Bf3 Rd8 27. Rc1 1-0


[Site "https://www.chess.com"]

[Event "Titled Tuesday Blitz December 20 Early 2022"]
[White "Chesca, Alexandru"]
[Black "Beca, Rodrigo Martins"]
[WhiteFideId "1214438"]
[BlackFideId "1954490"]
[WhiteElo "1917"]
[BlackElo "2976"]
[Result "0-1"]
[Round "04"]
[TimeControl "180+2"]
[Date "2022.12.20"]
[WhiteClock "0:00:48"]
[BlackClock "0:00:58"]

1. Nf3 c5 2. c4 Nc6 3. Nc3 g6 4. e3 Bg7 5. d4 d6 6. d5 Na5 7. Qc2 Nf6 8. e4 O-O 9. Be2 e5 10. O-O Nh5 11. b3 Nf4 12. Re1 h6 13. Bf1 g5 14. Ne2 f5 15. Ng3 fxe4 16. Qxe4 b5 17. Bd2 b4 18. Bd3 Nxd3 19. Qxd3 Bg4 20. Ne4 Nb7 21. Re3 a5 22. h3 Bf5 23. Rae1 a4 24. Bc1 axb3 25. axb3 Bh7 26. Qd2 Qc7 27. Nh2 Ra1 28. Rg3 Qf7 29. h4 Bxe4 30. Rxe4 Rxc1+ 31. Nf1 Qf5 32. Reg4 Qb1 33. Qe2 Re1 34. Qd3 Qxd3 35. Rxd3 Rf4 36. Rgg3 e4 0-1


[Site "https://www.chess.com"]

[Event "Titled Tuesday Blitz December 20 Early 2022"]
[White "ChessShop"]
[Black "Aranos Garcia, Ricardo"]
[BlackFideId "32028040"]
[WhiteElo "2502"]
[BlackElo "1971"]
[Result "1-0"]
[Round "04"]
[TimeControl "180+2"]
[Date "2022.12.20"]
[WhiteClock "0:01:19"]
[BlackClock "0:00:05"]

1. d4 d5 2. Nf3 c6 3. Bf4 Bg4 4. Nbd2 Nd7 5. c4 e6 6. Qb3 Qc8 7. h3 Bh5 8. e3 Ngf6 9. Be2 Be7 10. O-O O-O 11. a3 Ne4 12. Rfd1 a5 13. Qc2 f5 14. Nf1 a4 15. Ne5 Bxe2 16. Qxe2 Nxe5 17. Bxe5 Bd6 18. f3 Bxe5 19. fxe4 Bf6 20. cxd5 fxe4 21. dxc6 Qxc6 22. Rac1 Qb6 23. Ng3 Rac8 24. Nxe4 Be7 25. Qd2 h6 26. Rxc8 Rxc8 27. Rc1 Rd8 28. Rc4 Qb3 29. Qc3 Qd1+ 30. Kh2 b5 31. Rc8 Rxc8 32. Qxc8+ Kh7 33. Qxe6 Bf8 34. d5 1-0


[Site "https://www.chess.com"]

[Event "Titled Tuesday Blitz December 20 Early 2022"]
[White "ChessTankMan"]
[Black "Korchmar_Vasiliy"]
[WhiteElo "2514"]
[BlackElo "2703"]
[Result "0-1"]
[Round "04"]
[TimeControl "180+2"]
[Date "2022.12.20"]
[WhiteClock "0:00:03"]
[BlackClock "0:00:24"]

1. e4 c5 2. Nf3 d6 3. d4 cxd4 4. Nxd4 Nf6 5. Nc3 Nc6 6. Bg5 Bd7 7. Qd2 a6 8. O-O-O e6 9. f4 Be7 10. Nf3 b5 11. e5 b4 12. Ne2 dxe5 13. fxe5 Nd5 14. Bxe7 Ncxe7 15. Nf4 Bb5 16. Nxd5 Nxd5 17. Nd4 O-O 18. Kb1 Qc7 19. Qe1 Bxf1 20. Rxf1 Rab8 21. Ka1 a5 22. Rf3 a4 23. Rc1 a3 24. bxa3 Qc4 25. Nb3 bxa3 26. c3 Rb6 27. Rh3 Rfb8 28. Qh4 Qe2 29. Qxh7+ Kf8 30. Qh8+ Ke7 31. Qh4+ f6 32. exf6+ Nxf6 33. Rb1 Rxb3 34. axb3 a2 35. Rc1 Rxb3 36. Qb4+ Rxb4 37. cxb4 Qxg2 38. Ra3 Qxh2 39. b5 Qe5+ 40. Kxa2 Qxb5 41. Ra7+ Nd7 42. Rcc7 Qd5+ 43. Kb2 g5 44. Rc3 g4 45. Kc2 g3 0-1


[Site "https://www.chess.com"]

[Event "Titled Tuesday Blitz December 20 Early 2022"]
[White "ChessicallyInclined"]
[Black "Anata, Choudhury"]
[BlackFideId "10215026"]
[WhiteElo "2693"]
[BlackElo "2172"]
[Result "1-0"]
[Round "04"]
[TimeControl "180+2"]
[Date "2022.12.20"]
[WhiteClock "0:01:22"]
[BlackClock "0:00:01"]

1. a3 d5 2. Nf3 Nf6 3. e3 c5 4. d4 cxd4 5. exd4 Nc6 6. Bd3 Bg4 7. Be3 e6 8. Nbd2 Bd6 9. h3 Bh5 10. Qe2 O-O 11. O-O-O Rc8 12. g4 Bg6 13. h4 Bxd3 14. Qxd3 e5 15. dxe5 Nxe5 16. Nxe5 Bxe5 17. f4 Bb8 18. g5 Ng4 19. Bd4 Bxf4 20. Qf3 Bxd2+ 21. Rxd2 h5 22. gxh6 Nxh6 23. Rg1 f6 24. Be3 Nf7 25. Qg4 g5 26. hxg5 fxg5 27. Qf5 Qd6 28. Bxg5 Nxg5 29. Rxg5+ Kh8 30. Qh3+ 1-0


[Site "https://www.chess.com"]

[Event "Titled Tuesday Blitz December 20 Early 2022"]
[White "Coachpoker"]
[Black "Boudreaux, Floyd"]
[BlackFideId "2016370"]
[WhiteElo "2626"]
[BlackElo "2088"]
[Result "0-1"]
[Round "04"]
[TimeControl "180+2"]
[Date "2022.12.20"]
[WhiteClock "0:00:27"]
[BlackClock "0:00:07"]

1. d4 Nf6 2. c4 c5 3. Nf3 cxd4 4. Nxd4 e5 5. Nb5 d5 6. cxd5 Bc5 7. N5c3 O-O 8. g3 Bf5 9. Bg2 e4 10. O-O h6 11. Be3 Bxe3 12. fxe3 Bg6 13. Qd4 Re8 14. Nd2 Nbd7 15. Ndxe4 Ng4 16. Nd6 Nxe3 17. Nxe8 Qxe8 18. Rac1 Nxf1 19. Rxf1 a6 20. e4 Ne5 21. h3 Rd8 22. Kh2 Qe7 23. Ne2 Qd6 24. Nf4 Rc8 25. Nd3 f6 26. Nxe5 fxe5 27. Qd2 Rc4 28. Rc1 Rd4 29. Qe2 Kh7 30. h4 Qb4 31. Re1 Rd2 32. Qe3 Qxb2 33. Rg1 Re2 34. Qb3 Bxe4 35. Qxb2 Rxb2 36. d6 Rd2 37. Kh3 Bxg2+ 38. Rxg2 Rxd6 39. Rb2 b5 40. Kg4 Kg6 41. Re2 Kf6 42. Kf3 Kf5 43. Ke3 Kg4 44. Ke4 Kxg3 45. Kxe5 Rd8 46. Rc2 Kxh4 47. Rc7 g5 48. Rc6 h5 49. Rxa6 g4 50. Rh6 g3 51. Rg6 Kh3 52. Kf4 h4 53. Rg5 Rf8+ 54. Ke4 g2 55. Ke3 Kh2 56. Rg4 h3 57. Rf4 g1=Q+ 58. Ke2 Rxf4 59. a4 Qf2+ 60. Kd3 Rd4+ 61. Kc3 Qd2+ 62. Kb3 Rb4+ 63. Ka3 Qb2# 0-1


[Site "https://www.chess.com"]

[Event "Titled Tuesday Blitz December 20 Early 2022"]
[White "Coda, Carlos"]
[Black "EdgePlosion"]
[WhiteFideId "110329"]
[WhiteElo "1971"]
[BlackElo "2420"]
[Result "1-0"]
[Round "04"]
[TimeControl "180+2"]
[Date "2022.12.20"]
[WhiteClock "0:00:18"]
[BlackClock "0:00:06"]

1. d4 Nf6 2. Bg5 g6 3. Bxf6 exf6 4. e3 d5 5. g3 c6 6. Bg2 Bd6 7. Ne2 O-O 8. O-O Bf5 9. Nd2 Qd7 10. c4 Bh3 11. cxd5 Bxg2 12. Kxg2 cxd5 13. Nc3 Bb4 14. Qb3 Bxc3 15. bxc3 Nc6 16. Rab1 b6 17. Qa4 Rac8 18. Rfc1 Qf5 19. Qc2 Qe6 20. c4 h5 21. cxd5 Qxd5+ 22. Qe4 Qxa2 23. Rc2 Qe6 24. Qf3 Ne7 25. Rbc1 Kg7 26. Rc7 h4 27. g4 f5 28. h3 fxg4 29. Qxg4 Nf5 30. Qe4 Rxc7 31. Rxc7 Qf6 32. Rxa7 Rc8 33. Nf3 Rc1 34. Qe5 Rc2 35. Kf1 Rb2 36. Ng5 Qxe5 37. dxe5 Nh6 38. e6 b5 39. Nxf7 Nxf7 40. Rxf7+ Kg8 41. Rf6 Kg7 42. Rf7+ Kg8 43. Rb7 b4 44. Rb8+ Kg7 45. e7 Rb1+ 46. Kg2 b3 47. e8=Q 1-0


[Site "https://www.chess.com"]

[Event "Titled Tuesday Blitz December 20 Early 2022"]
[White "Crone, Stephan"]
[Black "IngOscarArdila"]
[WhiteFideId "4670175"]
[WhiteElo "1860"]
[BlackElo "2196"]
[Result "1/2-1/2"]
[Round "04"]
[TimeControl "180+2"]
[Date "2022.12.20"]
[WhiteClock "0:00:04"]
[BlackClock "0:00:10"]

1. e4 e5 2. Nf3 Nc6 3. Bb5 a6 4. Ba4 Nf6 5. d3 b5 6. Bb3 Be7 7. c3 O-O 8. O-O d6 9. Re1 Bg4 10. Nbd2 Na5 11. Bc2 c5 12. h3 Bh5 13. Nf1 c4 14. Ng3 Bg6 15. d4 Nc6 16. d5 Nb8 17. Nh4 Nbd7 18. Nhf5 Re8 19. h4 Nc5 20. h5 Bxf5 21. Nxf5 Bf8 22. Bg5 g6 23. hxg6 hxg6 24. Nh6+ Kg7 25. Ng4 Be7 26. Bh6+ Kg8 27. Nxf6+ Bxf6 28. Qg4 Bg7 29. Bg5 f6 30. Be3 Kf7 31. Bxc5 dxc5 32. Rad1 Qc8 33. Qg3 Qd7 34. f4 exf4 35. Qxf4 Re5 36. Rf1 Rae8 37. Rf3 Kg8 38. Rdf1 b4 39. Qg3 Rg5 40. Qf2 Qe7 41. Ba4 Rf8 42. Bc2 Qe5 43. Qxc5 bxc3 44. bxc3 Rh5 45. Qxc4 Qh2+ 46. Kf2 Rg5 47. Rg1 Qh4+ 48. Kf1 Rg3 49. Qd3 Rg4 50. Rh3 Qg5 51. Qe3 Qe5 52. Qd4 Qf4+ 53. Rf3 Qc1+ 54. Qd1 Qb2 55. Bb3 Bh6 56. Qe2 Qc1+ 57. Kf2 Qg5 58. d6+ Kg7 59. d7 Qc5+ 60. Kf1 Rd8 61. Qd3 Qe7 62. Qc4 Rxe4 63. Kf2 Be3+ 64. Rxe3 Rxe3 65. Rd1 Re4 66. Qd5 Re2+ 67. Kf1 Re5 68. Qc4 Rc5 69. Qe6 Rf5+ 70. Kg1 Qc5+ 71. Rd4 Qf8 72. Qd6 Qxd6 73. Rxd6 Kf8 74. Be6 Re5 75. Bh3 Ke7 76. Rxa6 f5 77. Kf2 Rxd7 78. Rxg6 Kf7 79. Rg5 Rd2+ 80. Kf3 Kf6 81. Rg8 Rd3+ 82. Kf2 Rxc3 83. Ra8 Kg5 84. Kg1 Rc2 85. Kh2 Ree2 86. a4 Rf2 87. Rg8+ Kh5 88. Rh8+ Kg6 89. Rg8+ Kf7 90. Ra8 f4 91. Kg1 f3 92. Ra7+ Kf6 93. Ra6+ Kg5 94. Ra5+ Kf4 95. Rf5+ Ke3 96. Rxf3+ Rxf3 97. gxf3 Ra2 98. Bd7 Kxf3 99. Bc6+ Ke3 100. Kf1 Kd4 101. Bb5 Kc5 102. Ke1 Kb4 103. Kd1 Ka5 104. Kc1 Rh2 105. Kd1 Kb6 106. Ke1 Kc5 107. Kf1 Rb2 108. Ke1 Rxb5 109. axb5 Kxb5 1/2-1/2


[Site "https://www.chess.com"]

[Event "Titled Tuesday Blitz December 20 Early 2022"]
[White "DIMONBANAN"]
[Black "Ezat, Mohamed"]
[BlackFideId "10600906"]
[WhiteElo "2416"]
[BlackElo "2402"]
[Result "1-0"]
[Round "04"]
[TimeControl "180+2"]
[Date "2022.12.20"]
[WhiteClock "0:00:35"]
[BlackClock "0:00:02"]

1. e4 e5 2. Nf3 Nc6 3. d4 exd4 4. Nxd4 Nf6 5. Nc3 Bb4 6. Nxc6 bxc6 7. Bd3 O-O 8. O-O d5 9. exd5 cxd5 10. Bg5 c6 11. Qf3 h6 12. Bxf6 Qxf6 13. Qxf6 gxf6 14. Rae1 Rb8 15. Re3 Bd6 16. Ne2 Bd7 17. b3 Rfe8 18. Rf3 Kg7 19. Nd4 c5 20. Nf5+ Bxf5 21. Rxf5 Re5 22. Rd1 Rbe8 23. Kf1 c4 24. Rxe5 Bxe5 25. bxc4 dxc4 26. Bxc4 Rc8 27. Bb3 Rc7 28. g3 Bc3 29. Rd3 Ba5 30. Ke2 Bb6 31. Kf3 Rc5 32. g4 Re5 33. Rd7 h5 34. Rxf7+ Kg6 35. h3 hxg4+ 36. hxg4 Re1 37. Rd7 Rf1 38. Rd2 Kg5 39. Bc4 Rc1 40. Be6 Ba5 41. Rd5+ Kh4 42. Rh5# 1-0


[Site "https://www.chess.com"]

[Event "Titled Tuesday Blitz December 20 Early 2022"]
[White "D`Arruda, Ricardo D."]
[Black "Arig, Busra"]
[WhiteFideId "100692"]
[BlackFideId "6309356"]
[WhiteElo "2271"]
[BlackElo "1850"]
[Result "1/2-1/2"]
[Round "04"]
[TimeControl "180+2"]
[Date "2022.12.20"]
[WhiteClock "0:01:35"]
[BlackClock "0:01:12"]

1. d4 d5 2. Nf3 c6 3. c4 Nf6 4. Nbd2 g6 5. e3 Bg7 6. Bd3 O-O 7. O-O Bf5 8. Qc2 Bxd3 9. Qxd3 Nbd7 10. e4 dxe4 11. Nxe4 Nxe4 12. Qxe4 Nf6 13. Qe2 Qa5 14. Bd2 Qa6 15. b3 e6 16. h3 c5 17. Bc3 cxd4 18. Bxd4 Rfd8 19. Rfd1 Rd7 20. Rd2 Rad8 21. Rad1 Nh5 22. Bxg7 Rxd2 23. Rxd2 Rxd2 24. Qxd2 Kxg7 25. Ne5 Nf6 26. Qd4 Qxa2 27. Nd7 Qb1+ 28. Kh2 Qf5 29. Nxf6 Qxf6 30. Qxa7 Qf4+ 31. Kg1 Qc1+ 32. Kh2 Qf4+ 33. Kg1 1/2-1/2


[Site "https://www.chess.com"]

[Event "Titled Tuesday Blitz December 20 Early 2022"]
[White "De Firmian, Nick"]
[Black "larsmandreassen"]
[WhiteFideId "2000105"]
[WhiteElo "2460"]
[BlackElo "2215"]
[Result "1-0"]
[Round "04"]
[TimeControl "180+2"]
[Date "2022.12.20"]
[WhiteClock "0:00:32"]
[BlackClock "0:00:04"]

1. Nf3 d5 2. g3 e6 3. Bg2 Nf6 4. O-O Be7 5. c4 O-O 6. d4 a6 7. b3 c6 8. Bb2 b6 9. Ne5 Bb7 10. Nd2 Nbd7 11. Ndf3 Ne4 12. a3 Ndf6 13. Rc1 Rc8 14. b4 c5 15. dxc5 bxc5 16. cxd5 Bxd5 17. bxc5 Rxc5 18. Qd4 Qa8 19. a4 Rfc8 20. Nd3 Rc4 21. Qe3 Rxc1 22. Rxc1 Rxc1+ 23. Qxc1 h6 24. Nf4 Bc6 25. Ne5 Bb7 26. Qc7 Bc5 27. Qxf7+ Kh7 28. e3 Bd5 29. Qg6+ Kg8 30. Nd7 Nxf2 31. Nxf6+ Kf8 32. Nd7+ Ke7 33. Nxc5 1-0


[Site "https://www.chess.com"]

[Event "Titled Tuesday Blitz December 20 Early 2022"]
[White "Dela Cruz, Noel"]
[Black "TERMINATOR_PC"]
[WhiteFideId "5207649"]
[WhiteElo "2241"]
[BlackElo "2620"]
[Result "1/2-1/2"]
[Round "04"]
[TimeControl "180+2"]
[Date "2022.12.20"]
[WhiteClock "0:00:14"]
[BlackClock "0:00:09"]

1. d4 Nf6 2. c4 e6 3. Nf3 d5 4. g3 Bb4+ 5. Bd2 Bd6 6. Bg2 c6 7. Nc3 O-O 8. Qc2 Nbd7 9. b3 b6 10. O-O Bb7 11. Rad1 Qe7 12. e4 dxe4 13. Nxe4 Nxe4 14. Qxe4 Nf6 15. Qc2 c5 16. Bc3 cxd4 17. Bxd4 Rfd8 18. Qe2 Bc5 19. Bxc5 Qxc5 20. Ne5 Bxg2 21. Kxg2 Qc7 22. f4 Rxd1 23. Rxd1 Rd8 24. Rxd8+ Qxd8 25. Qd3 Qxd3 26. Nxd3 Kf8 27. Kf3 Ke7 28. Ne5 a5 29. Ke3 Nd7 30. Kd4 Nxe5 31. Kxe5 Kd7 32. a3 Kc6 33. b4 axb4 34. axb4 Kd7 35. Kd4 Kd6 36. Ke4 Kc6 37. Ke5 Kd7 38. g4 Kc6 39. g5 Kd7 40. h4 Ke7 41. Kd4 Kd6 42. h5 Kc6 43. Ke5 Kd7 44. c5 bxc5 45. bxc5 Ke7 46. Kd4 f6 47. gxf6+ gxf6 48. Kc4 Kd7 49. Kb5 Kc7 50. h6 e5 51. fxe5 fxe5 52. Kb4 e4 53. Kc4 Kc6 54. Kd4 e3 55. Kxe3 Kxc5 56. Ke4 Kd6 57. Kf5 Ke7 58. Ke5 Kf7 59. Kf5 Kg8 60. Ke5 Kh8 61. Kf5 Kg8 62. Kf6 Kh8 63. Ke7 Kg8 64. Ke8 Kh8 65. Kf7 1/2-1/2


[Site "https://www.chess.com"]

[Event "Titled Tuesday Blitz December 20 Early 2022"]
[White "Devallee, Jeremie"]
[Black "Jacomet Rodriguez, Josep-M."]
[WhiteFideId "665240"]
[BlackFideId "54509815"]
[WhiteElo "2204"]
[BlackElo "3034"]
[Result "0-1"]
[Round "04"]
[TimeControl "180+2"]
[Date "2022.12.20"]
[WhiteClock "0:00:12"]
[BlackClock "0:02:28"]

1. e4 c5 2. Nf3 d6 3. d4 cxd4 4. Nxd4 Nf6 5. Nc3 Nc6 6. Bg5 e6 7. f4 h6 8. Bh4 Be7 9. Bf2 e5 10. fxe5 dxe5 11. Nxc6 Qxd1+ 12. Rxd1 bxc6 13. Bd3 Rb8 14. Rb1 a5 15. O-O Ng4 16. h3 Nxf2 17. Kxf2 Be6 18. b3 O-O 19. Ke2 Rfd8 20. Rfd1 Rd4 21. Kf3 g6 22. Ne2 Rdd8 23. g4 Kg7 24. Ng3 Rd4 25. c3 Rdd8 26. Bc2 Rh8 27. c4 h5 28. gxh5 Bxh3 29. Rh1 Be6 30. hxg6 fxg6 31. Ke3 Bg5+ 32. Kd3 Rhf8 33. Rhf1 Bh3 34. Rxf8 Rxf8 35. Ke2 Bg4+ 36. Ke1 Bh4 37. Kd2 Bxg3 38. Bd3 Bf4+ 39. Kc3 Rd8 40. Rg1 Be6 41. Kc2 g5 42. Be2 Rd2+ 0-1


[Site "https://www.chess.com"]

[Event "Titled Tuesday Blitz December 20 Early 2022"]
[White "Djeno, Drago"]
[Black "Hansch, Karsten"]
[WhiteFideId "14400421"]
[BlackFideId "24692239"]
[WhiteElo "2223"]
[BlackElo "2248"]
[Result "1-0"]
[Round "04"]
[TimeControl "180+2"]
[Date "2022.12.20"]
[WhiteClock "0:01:08"]
[BlackClock "0:00:02"]

1. d4 Nf6 2. Bg5 d5 3. Nf3 g6 4. Bxf6 exf6 5. c4 dxc4 6. e3 Bd6 7. Bxc4 O-O 8. Nbd2 f5 9. Qe2 Nd7 10. h4 h5 11. Ng5 Nf6 12. O-O-O Qe7 13. Kb1 c6 14. f3 b5 15. Bd3 Re8 16. e4 fxe4 17. fxe4 Bg4 18. Ngf3 Bf4 19. e5 Nd5 20. Ne4 Qb4 21. a3 Bxf3 22. Qxf3 Qxd4 23. Bc2 Qxe5 24. Rhf1 Re7 25. g3 Bh6 26. Rxd5 cxd5 27. Nf6+ Kh8 28. Nxd5 Bg7 29. Qb3 Rd7 30. Rd1 Rad8 31. Nc3 Rxd1+ 32. Nxd1 Rc8 33. Qxf7 1-0


[Site "https://www.chess.com"]

[Event "Titled Tuesday Blitz December 20 Early 2022"]
[White "Dreux, Vincent"]
[Black "sergeikim"]
[WhiteFideId "658960"]
[WhiteElo "1937"]
[BlackElo "2606"]
[Result "0-1"]
[Round "04"]
[TimeControl "180+2"]
[Date "2022.12.20"]
[WhiteClock "0:00:44"]
[BlackClock "0:01:31"]

1. e4 e5 2. Nf3 Nc6 3. Bb5 a6 4. Ba4 Nf6 5. O-O b5 6. Bb3 Bc5 7. c3 d6 8. a4 Bb7 9. d4 Bb6 10. Bg5 h6 11. Bxf6 Qxf6 12. Bd5 O-O 13. dxe5 dxe5 14. Qe2 bxa4 15. Nbd2 Na5 16. Rxa4 Bxd5 17. exd5 Rfe8 18. b4 Nb7 19. c4 e4 20. Nxe4 Qf4 21. Nfd2 Nd6 22. c5 Nxe4 23. Nxe4 Rxe4 24. Qf3 Bxc5 0-1


[Site "https://www.chess.com"]

[Event "Titled Tuesday Blitz December 20 Early 2022"]
[White "Durin, Jean-Pierre"]
[Black "Azoulas, Mark"]
[WhiteFideId "26026600"]
[BlackFideId "2033208"]
[WhiteElo "1819"]
[BlackElo "2326"]
[Result "1-0"]
[Round "04"]
[TimeControl "180+2"]
[Date "2022.12.20"]
[WhiteClock "0:00:08"]
[BlackClock "0:00:10"]

1. d4 Nf6 2. Bg5 b6 3. Bxf6 exf6 4. c4 Bb7 5. Nc3 c5 6. e3 Nc6 7. Nf3 cxd4 8. exd4 Bb4 9. Qd2 O-O 10. Be2 Re8 11. O-O d5 12. Rfe1 dxc4 13. Bxc4 Qd7 14. a3 Bxc3 15. bxc3 Na5 16. Be2 Nb3 17. Qb2 Nxa1 18. Rxa1 Rac8 19. Rc1 Qe7 20. Kf1 Qe4 21. Re1 Qf5 22. h3 Qa5 23. Rc1 Qf5 24. c4 Rcd8 25. d5 Ba6 26. Nd4 Qe5 27. Kg1 Rc8 28. Bf1 Rc5 29. Qc3 Rec8 30. Nc6 Qxc3 31. Rxc3 Kf8 32. Nxa7 Ra8 33. Nc6 Bb7 34. Nb4 b5 35. f3 bxc4 36. Rxc4 Rxc4 37. Bxc4 Ke7 38. Nc6+ Bxc6 39. dxc6 Rxa3 40. Bd5 Kd6 41. Be4 g6 42. g4 Ra2 43. Kf1 Rb2 44. Ke1 Rb5 45. Kf1 f5 46. gxf5 gxf5 47. Bd3 Rc5 48. Kf2 Kxc6 49. Kg3 Kd6 50. Kf4 Ke6 51. Bb1 Kf6 52. Ba2 Rb5 53. Bc4 Rb4 54. Kg3 Rxc4 55. f4 h5 56. Kh4 Rxf4+ 57. Kg3 1-0


[Site "https://www.chess.com"]

[Event "Titled Tuesday Blitz December 20 Early 2022"]
[White "Elbek_Jumanov"]
[Black "Richterman, Pavel"]
[BlackFideId "2829690"]
[WhiteElo "2435"]
[BlackElo "2062"]
[Result "0-1"]
[Round "04"]
[TimeControl "180+2"]
[Date "2022.12.20"]
[WhiteClock "0:00:03"]
[BlackClock "0:00:07"]

1. c4 e5 2. g3 Nf6 3. Bg2 Bc5 4. Nc3 c6 5. e3 d5 6. cxd5 cxd5 7. d4 exd4 8. exd4 Bb4 9. Ne2 h6 10. O-O O-O 11. Qb3 Nc6 12. Nxd5 Nxd5 13. Bxd5 Na5 14. Qf3 Be7 15. Be3 Bf6 16. Rfd1 Nc6 17. Qg2 Re8 18. Bf3 Nb4 19. Rd2 Bf5 20. Bxb7 Rb8 21. Rc1 Nxa2 22. Rc4 a5 23. Bf3 Nb4 24. Nf4 Rc8 25. Rxc8 Qxc8 26. g4 Bd7 27. h3 Nc2 28. Bb7 Qc4 29. Nd5 Bd8 30. Bf4 Ne1 31. Qf1 Qxf1+ 32. Kxf1 Nf3 33. Rd3 Bb5 34. Kg2 Ne1+ 35. Kg3 Nxd3 36. Bd2 Nb4 37. Nf4 Bc7 38. Bc3 Nd3 39. d5 Bxf4+ 40. Kf3 Be5 41. d6 Bxc3 42. bxc3 Ne5+ 43. Ke4 Nc4+ 44. Kd5 Nxd6 45. Kxd6 a4 46. Kc5 a3 47. Kxb5 a2 0-1


[Site "https://www.chess.com"]